 Dungeon Crawl Stone Soup version 0.20.1-2-g1830e616b0 (webtiles) character file.

546 Alfie the Shooter (level 7, -1/59 HPs)
             Began as a Minotaur Hunter on Feb 5, 2020.
             Slain by Sigmund
             ... wielding a +0 scythe
              (10 damage)
             ... on level 4 of the Dungeon.
             The game lasted 00:12:57 (2658 turns).

Alfie the Shooter (Minotaur Hunter)                 Turns: 2658, Time: 00:12:58

Health: -1/59      AC:  5    Str: 18 (19) XL:     7   Next: 6%
Magic:  6/6        EV: 12    Int:  7 (8)  God:
Gold:   91         SH:  0    Dex: 10      Spells: 5/6 levels left

rFire    . . .     SeeInvis .   i - +1 mace (holy)
rCold    . . .     Gourm    .   (no shield)
rNeg     . . .     Faith    .   c - +1 leather armour
rPois    .         Spirit   .   (helmet restricted)
rElec    .         Reflect  .   (no cloak)
rCorr    .         Harm     .   (no gloves)
MR       .....                  (no boots)
Stlth    +.........             (no amulet)
Regen    0.2/turn               (no ring)
MPRegen  0.1/turn               (no ring)

@: no status effects
A: retaliatory headbutt, horns 2, blurry vision 1, shaggy fur 1
a: no special abilities


You were on level 4 of the Dungeon.
You were not hungry.

You visited 1 branch of the dungeon, and saw 4 of its levels.

You collected 187 gold pieces.
You spent 96 gold pieces at shops.

Inventory:

Hand Weapons
 a - a +1 shortbow
 b - a +0 short sword
 i - a +1 mace of holy wrath (weapon)
Missiles
 d - 17 arrows
 e - 16 poisoned needles (quivered)
Armour
 c - a +1 leather armour (worn)
Jewellery
 j - a +3 ring of protection {unknown}
Wands
 l - a wand of confusion (44/48)
Scrolls
 h - a scroll of recharging
 o - a scroll of amnesia {unknown}
Potions
 k - 2 potions of agility {unknown}
 m - a potion of curing
 n - a potion of heal wounds
 p - a potion of invisibility {unknown}
Books
 g - a book of Minor Magic

   Spells                             Type                      Level
   a - Magic Dart                     Conjuration                  1
   b - Blink                          Translocation                2
   c - Call Imp                       Summoning                    2
   d - Slow                           Hexes                        2
   e - Conjure Flame                  Conjuration/Fire             3
   f - Mephitic Cloud                 Conjuration/Poison/Air       3
Comestibles
 f - a bread ration


   Skills:
 + Level 4.2 Fighting
 + Level 1.9 Maces & Flails
 + Level 7.5 Bows
 + Level 2.8 Armour
 + Level 3.4 Dodging
 + Level 0.8 Stealth
 + Level 0.1 Evocations


You had 5 spell levels left.
You knew the following spells:

 Your Spells              Type           Power        Failure   Level  Hunger
a - Magic Dart            Conj           #...         50%         1    ##.....


Dungeon Overview and Level Annotations

Branches:
Dungeon (4/15)
 Temple: D:4-7

Altars:
Cheibriados
Dithmenos
Elyvilon
Hepliaklqana
Kikubaaqudgha
Uskayaw
Zin

Shops:
D:4 !

Annotations:
D:4 Sigmund


Innate Abilities, Weirdness & Mutations

You reflexively headbutt those who attack you in melee.
You have a pair of horns on your head.
Scrolls take you a little longer to read.
You are covered in fur. (AC +1)


Message History

Wield which item (- for none, * to show all)? (? for menu, Esc to quit)
You don't have any such object.
Wield which item (- for none, * to show all)? (? for menu, Esc to quit)
Your +1 mace of holy wrath softly glows with a divine radiance!
i - a +1 mace of holy wrath (weapon)
An orc comes into view. It is wielding a dagger.
You see here a tomahawk.
Something hits you! Something hits you!
You closely miss something. Your headbutt misses something.
You hear some strange, mumbled words.
A puff of flame appears from out of thin air!
The puff of flame hits you! Something hits you!
You closely miss something. Something hits you.
You barely miss something. You headbutt something. You barely miss something.
Something hits you!
* * * LOW HITPOINT WARNING * * *
You hit something. Your headbutt misses something. Something barely misses you.
You hit something. Something hits you!
You die...

#.......# #.#####.#
####### #.# #.#
#.....#
#.#####.######.###.#
.................#.#
#....##.######.#.#.#
#.......# #.....#
##...#### ###.###
##.## #@## #.# #.{##
#.# ##...## ##'##
###...(.##. ##...##
#......().(# #.....##
#.###.###((()(o
.......######.###.#
.##(##
...†....##........###
# #
........+..†.........


There were no monsters in sight!

Vanquished Creatures
  The ghost of Alfie the Shooter, an amateur HuHu (D:4)
  A hound (D:3)
  An orc priest (D:3)
  Terence (D:2)
  An iguana (D:4)
  3 orc wizards (D:3)
  A hound skeleton (D:4)
  An adder (D:4)
  4 gnolls (D:3)
  A worm (D:3)
  4 dart slugs
  4 leopard geckos
  14 orcs
  3 giant cockroaches
  10 goblins
  4 hobgoblins
  5 jackals
  6 kobolds
  A quokka (D:2)
  3 ball pythons
  4 bats
  4 frilled lizards
  3 rats
80 creatures vanquished.

Notes
Turn   | Place    | Note
-------+----------+-------------------------------------------
     0 | D:1      | Alfie the Minotaur Hunter began the quest for the Orb.
     0 | D:1      | Reached XP level 1. HP: 18/18 MP: 0/0
   112 | D:1      | Reached XP level 2. HP: 16/25 MP: 1/1
   526 | D:2      | Noticed Terence
   539 | D:2      | Killed Terence
   539 | D:2      | Reached skill level 5 in Bows
   539 | D:2      | Reached XP level 3. HP: 15/30 MP: 2/2
  1119 | D:2      | Reached XP level 4. HP: 36/37 MP: 3/3
  1243 | D:3      | Reached skill level 6 in Bows
  1250 | D:3      | Reached skill level 1 in Armour
  1258 | D:3      | Reached XP level 5. HP: 40/45 MP: 4/4
  1367 | D:3      | Learned a level 1 spell: Magic Dart
  1539 | D:3      | Reached skill level 1 in Maces & Flails
  1654 | D:3      | Gained mutation: Scrolls take you a little longer to read. [potion of mutation]
  1654 | D:3      | Gained mutation: Your magical capacity is low. (-10% MP) [potion of mutation]
  1654 | D:3      | Lost mutation: Your magical capacity is low. (-10% MP) [potion of mutation]
  1654 | D:3      | Gained mutation: You are covered in fur. (AC +1) [potion of mutation]
  1947 | D:3      | Reached XP level 6. HP: 12/52 MP: 5/5
  2135 | D:3      | Found a snail-covered altar of Cheibriados.
  2137 | D:3      | Found a white marble altar of Elyvilon.
  2137 | D:3      | Found a hide-covered altar of Uskayaw.
  2142 | D:3      | Found a glowing silver altar of Zin.
  2162 | D:3      | Found an ancient bone altar of Kikubaaqudgha.
  2167 | D:3      | Found a shadowy altar of Dithmenos.
  2188 | D:3      | Found a hazy altar of Hepliaklqana.
  2378 | D:4      | Found Joazicot's Distillery.
  2386 | D:4      | Bought a potion of curing for 36 gold pieces
  2386 | D:4      | Bought a potion of heal wounds for 60 gold pieces
  2489 | D:4      | Noticed Alfie's ghost (amateur HuHu)
  2503 | D:4      | Killed Alfie's ghost
  2503 | D:4      | Reached skill level 7 in Bows
  2503 | D:4      | Reached XP level 7. HP: 49/59 MP: 6/6
  2638 | D:4      | Noticed Sigmund
  2658 | D:4      | Slain by Sigmund

Skill      XL: |  1  2  3  4  5  6 |
---------------+-------------------+-----
Bows           | 5 6 7 |  7.5
Fighting       | 3 4 |  4.2
Armour         | 1 2 |  2.8
Maces & Flails | 1 |  1.9
Dodging        | 3 |  3.4
Stealth        | |  0.8
Evocations     | |  0.1

Action                   |  1- 3 |  4- 6 |  7- 9 || total
-------------------------+-------+-------+-------++-------
Melee: Mace              |       |    67 |    10 ||    77
       Headbutt          |       |     7 |     4 ||    11
 Fire: Shortbow          |    80 |    84 |    15 ||   179
Evoke: Wand              |       |     2 |       ||     2
  Use: Scroll            |     3 |     5 |       ||     8
       Potion            |       |     3 |       ||     3
  Eat: Royal jelly       |       |     1 |       ||     1
       Bread ration      |       |     1 |       ||     1
Armor: Leather armour    |     2 |    26 |       ||    28
Dodge: Dodged            |    14 |    64 |    10 ||    88
